 Dungeon Crawl Stone Soup version 0.22.1-2-g9c5b331383 (webtiles) character file.

167 Adamkad1 the Slasher (level 5, -2/45 HPs)
             Began as a Minotaur Skald on Dec 19, 2018.
             Slain by a bullfrog (3 damage)
             ... on level 3 of the Dungeon.
             The game lasted 00:03:02 (2335 turns).

Adamkad1 the Slasher (Minotaur Skald)               Turns: 2335, Time: 00:03:02

Health: -2/45      AC:  3    Str: 15    XL:     5   Next: 23%
Magic:  2/6        EV: 13    Int: 10    God:
Gold:   71         SH:  0    Dex: 11    Spells: 2/7 levels left

rFire    . . .     SeeInvis .   a - +0 falchion
rCold    . . .     Gourm    .   (no shield)
rNeg     . . .     Faith    .   b - +0 leather armour
rPois    .         Spirit   .   (helmet restricted)
rElec    .         Reflect  .   (no cloak)
rCorr    .         Harm     .   (no gloves)
MR       .....                  (no boots)
Stlth    +.........             (no amulet)
HPRegen  0.15/turn              (no ring)
MPRegen  0.10/turn              (no ring)

@: lethally poisoned (-2 -> -4), singing (expiring)
A: retaliatory headbutt, horns 2
a: no special abilities


You were on level 3 of the Dungeon.
You were not hungry.

You visited 1 branch of the dungeon, and saw 3 of its levels.

You collected 71 gold pieces.

Inventory:

Hand Weapons
 a - a +0 falchion (weapon)
Armour
 b - a +0 leather armour (worn)
Jewellery
 h - an uncursed amulet of regeneration {unknown}
 i - an uncursed ring of resist corrosion {unknown}
Scrolls
 c - 2 scrolls of identify {unknown}
 j - a scroll of remove curse {unknown}
 l - a scroll of fog {unknown}
 m - 3 scrolls of enchant armour {unknown}
 n - a scroll of amnesia {unknown}
Potions
 e - a potion of brilliance {unknown}
 g - a potion of might {unknown}
 k - a potion of curing {unknown}
Comestibles
 d - 7 rations
 f - a chunk of flesh


   Skills:
 + Level 3.1 Fighting
 * Level 3.6 Long Blades
 + Level 2.3 Armour
 * Level 3.5 Dodging
 + Level 1.7 Spellcasting
 * Level 2.6 Charms


You had 2 spell levels left.
You knew the following spells:

 Your Spells              Type           Power        Failure   Level  Hunger
a - Infusion              Chrm           #...         14%         1    ##.....
b - Shroud of Golubria    Chrm/Tloc      #.........   34%         2    ###....
c - Song of Slaying       Chrm           #.......     21%         2    ###....

Your spell library contained the following spells:

 Spells                   Type           Power        Failure   Level  Hunger
 Animate Skeleton         Necr           N/A          36%         1    ##.....
 Apportation              Tloc           #.....       36%         1    ##.....
 Confusing Touch          Hex            #.....       36%         1    ##.....
 Summon Small Mammal      Summ           #...         36%         1    ##.....
 Regeneration             Chrm/Necr      #.........   56%         3    ####...
 Spectral Weapon          Hex/Chrm       #.......     56%         3    ####...


Dungeon Overview and Level Annotations

Branches:
Dungeon (3/15)

Altars:
Cheibriados
Nemelex Xobeh
Okawaru
Vehumet
The Shining One

Annotations:
D:3 2 transporters, SpaceYeku's ghost, weakling DECj


Innate Abilities, Weirdness & Mutations

You reflexively headbutt those who attack you in melee.
You have a pair of horns on your head.


Message History

The bullfrog is heavily wounded.
The bullfrog barely misses you. You furiously retaliate!
You headbutt the bullfrog! You barely miss the bullfrog.
The bullfrog is almost dead.
Your song is almost over.
You feel sick. The bullfrog misses you.
Unknown command.
You closely miss the bullfrog. Your headbutt misses the bullfrog.
The bullfrog is almost dead.
The bullfrog hits you!
* * * LOW HITPOINT WARNING * * *
The bullfrog hits you.
* * * LOW HITPOINT WARNING * * *
Unknown command.
You hit the bullfrog.
The bullfrog is almost dead.
* * * LOW HITPOINT WARNING * * *
You feel sick. The bullfrog closely misses you. The bullfrog hits you.
You die...

#. #≈≈≈# .. #####.##
##W## .. #......#
#...###########. #......#
##w............. #......#
#F............. ##
##......# #..............
.. ........#
#.............. ##
#.....†####w.............
+.....÷)@FsW.............
#......########.####.....
#....... #.# #.####
#........ #.####.####
...#.###### #..........
##>#. #.......... # ##
#.......... #
..#..<....... # ###
#.#.......(..


You could see a bullfrog, a worm, SpaceYeku's ghost and a giant cockroach.

Vanquished Creatures
  7 adders
  2 oozes
  An adder zombie (D:2)
  6 worms
  2 leopard geckos
  3 orcs (D:3)
  10 bats
  2 giant cockroaches
  10 goblins
  5 hobgoblins
  2 jackals (D:2)
  2 quokkas (D:3)
  4 frilled lizards
  9 kobolds
  10 rats
75 creatures vanquished.

Notes
Turn   | Place    | Note
-------+----------+-------------------------------------------
     0 | D:1      | Adamkad1 the Minotaur Skald began the quest for the Orb.
     0 | D:1      | Reached XP level 1. HP: 18/18 MP: 1/1
   112 | D:1      | Reached XP level 2. HP: 19/25 MP: 3/3
   755 | D:2      | Reached XP level 3. HP: 30/30 MP: 2/4
   938 | D:2      | Learned a level 2 spell: Song of Slaying
   941 | D:2      | Learned a level 2 spell: Shroud of Golubria
   956 | D:2      | Found a snail-covered altar of Cheibriados.
  1353 | D:2      | Reached XP level 4. HP: 35/37 MP: 5/5
  1837 | D:3      | Found a radiant altar of Vehumet.
  1921 | D:3      | Noticed an ogre
  1922 | D:3      | Found a transporter.
  1923 | D:3      | Found a glowing golden altar of the Shining One.
  1923 | D:3      | Noticed a hornet
  1924 | D:3      | Found a sparkling altar of Nemelex Xobeh.
  1933 | D:3      | Found a transporter.
  2015 | D:3      | Found an iron altar of Okawaru.
  2104 | D:3      | Reached XP level 5. HP: 22/45 MP: 1/6
  2273 | D:3      | Found a runed door.
  2303 | D:3      | Noticed SpaceYeku's ghost (weakling DECj)
  2334 | D:3      | HP: 2/45 [bullfrog (7)]
  2335 | D:3      | Slain by a bullfrog

Skill      XL: |  1  2  3  4 |
---------------+-------------+-----
Long Blades    | 3 |  3.6
Armour         | 2 |  2.3
Dodging        | 3 |  3.5
Fighting       | 3 |  3.1
Spellcasting   | |  1.7
Charms         | |  2.6

Action                   |  1- 3 |  4- 6 || total
-------------------------+-------+-------++-------
Melee: Falchion          |    91 |    82 ||   173
       Headbutt          |    18 |    12 ||    30
 Cast: Infusion          |     1 |     2 ||     3
       Song of Slaying   |     1 |     1 ||     2
       Shroud of Golubri |       |     1 ||     1
  Eat: Chunk             |     2 |     3 ||     5
Armor: Leather armour    |    18 |    26 ||    44
Dodge: Dodged            |    80 |    66 ||   146
       Rpst.: Falchion   |    21 |    22 ||    43
